 Dungeon Crawl Stone Soup version 0.28.0-1-gb440e238dd (webtiles) character file.

Game seed: 15484588463186514833

1799 jlumianski the Summoner (level 8, -1/33 HPs)
             Began as a Felid Summoner on Feb 20, 2022.
             Was an Initiate of Yredelemnul.
             Killed from afar by a steam dragon (19 damage)
             ... with a ball of steam
             ... on level 8 of the Dungeon on Feb 21, 2022.
             The game lasted 01:38:53 (10989 turns).

jlumianski the Summoner (Felid Summoner)           Turns: 10989, Time: 01:38:53

Health: -1/33      AC:  2    Str:  4    XL:     8   Next: 83%
Magic:  10/22      EV: 21    Int: 17    God:    Yredelemnul [......]
Gold:   599        SH:  0    Dex: 21    Spells: 8/26 levels left
                                        Lives:  0   Deaths: 2

rFire   . . .      SeeInvis +     - Unarmed
rCold   . . .      Faith    .   (shield unavailable)
rNeg    . . .      Spirit   .   (armour unavailable)
rPois   .          Reflect  .   (helmet unavailable)
rElec   .          Harm     .   (cloak unavailable)
rCorr   .          Rampage  .   (gloves unavailable)
Will    +....                   (boots unavailable)
Stlth   +++.......              d - amulet of regeneration
HPRegen 0.91/turn               (no ring)
MPRegen 0.18/turn               (no ring)

@: quick
A: very small, claws 1, fangs 3, see invisible, speed 1, shaggy fur 2, stealthy
paws, no weapons or thrown items, no armour, multi-lived
a: Renounce Religion, Recall Undead Harvest


You were on level 8 of the Dungeon.
You worshipped Yredelemnul.
Yredelemnul was noncommittal.
You visited 2 branches of the dungeon, and saw 11 of its levels.
You also visited: Ossuary.

You collected 599 gold pieces.

Inventory:

Jewellery
 d - an amulet of regeneration (around neck)
 j - an amulet of reflection
 k - a ring of fire
Wands
 m - a wand of mindburst (10)
Scrolls
 a - 5 scrolls of immolation
 b - 2 scrolls of fog
 e - a scroll of noise {unknown}
 h - 2 scrolls of fear
Potions
 c - 2 potions of attraction
 f - 3 potions of curing
 g - 2 potions of heal wounds
 i - a potion of haste {unknown}
 l - 2 potions of brilliance
 n - a potion of cancellation
 o - 3 potions of might
 q - a potion of degeneration


   Skills:
 + Level 2.0 Fighting
 + Level 6.0 Dodging
 + Level 4.4 Stealth
 + Level 3.2 Unarmed Combat
 + Level 9.6 Spellcasting
 + Level 4.2 Hexes
 + Level 11.1 Summonings
 + Level 1.9 Air Magic


You had 8 spell levels left.
You knew the following spells:

 Your Spells              Type           Power      Damage    Failure   Level
a - Summon Small Mammal   Summ           100%       N/A       1%          1
b - Call Imp              Summ           46%        N/A       1%          2
c - Call Canine Familiar  Summ           46%        N/A       1%          3
d - Summon Guardian Gole  Hex/Summ       34%        N/A       1%          3
e - Summon Lightning Spi  Summ/Air       30%        N/A       6%          4
f - Ensorcelled Hibernat  Hex/Ice        30%        N/A       5%          2
g - Tukima's Dance        Hex            22%        N/A       4%          3

Your spell library contained the following spells:

 Spells                   Type           Power      Damage    Failure   Level
 Shock                    Conj/Air       44%        1d5       6%          1
 Sandblast                Erth           16%        2d6       9%          1
 Swiftness                Air            14%        N/A       12%         3
 Blink                    Tloc           16%        N/A       14%         2
 Passwall                 Tmut/Erth      6%         N/A       14%         2
 Lesser Beckoning         Tloc           8%         N/A       26%         3
 Spider Form              Tmut/Pois      8%         N/A       26%         3
 Stone Arrow              Conj/Erth      16%        3d8       26%         3
 Teleport Other           Tloc           8%         N/A       26%         3
 Summon Forest            Summ/Tloc      13%        N/A       26%         5
 Airstrike                Air            7%         N/A       36%         4
 Anguish                  Hex/Necr       7%         N/A       36%         4
 Dispel Undead            Necr           8%         3d8       65%         4
 Passage of Golubria      Tloc           8%         N/A       65%         4
 Yara's Violent Unravell  Hex/Tmut       7%         3d5       71%         5
 Manifold Assault         Tloc           8%         N/A       94%         5
 Simulacrum               Ice/Necr       4%         N/A       100%        6
 Haunt                    Necr/Summ      13%        N/A       100%        7


Dungeon Overview and Level Annotations

Branches:
Dungeon (10/15)            Temple (1/1) D:7            Lair (0/6) D:10
Ossuary (visited)
    Orc: D:9-12

Altars:
Ashenzari
Fedhas
Gozag
Kikubaaqudgha
Makhleb
Nemelex Xobeh
Okawaru
Qazlal
Ru
Sif Muna
Trog
Xom
Yredelemnul
Zin
The Shining One

Shops:
D:3 (   D:4 :

Annotations:
D:4 2 runed translucent doors, snaxamus's ghost, amateur DsGl


Innate Abilities, Weirdness & Mutations

You have sharp claws.
You have razor-sharp teeth.
You have supernaturally acute eyesight. (SInv)
You cover ground quickly. (Speed+)
You are covered in thick fur. (AC +2)
Your paws help you pounce on unaware monsters.
You are incapable of wielding weapons or throwing items.
You cannot wear armour.
You gain extra lives every three experience levels.


Message History

There is a basalt altar of Yredelemnul here.
There is an open door here.
Your wolf disappears in a puff of smoke!
You open the door.
There is an open door here.
You swap places.
Nothing appears to have answered your call.
Casting: Summon Guardian Golem (safe; 1% risk of failure)
Confirm with . or Enter, or press ? or * to list all spells.
Casting: Call Canine Familiar (safe; 1% risk of failure)
Confirm with . or Enter, or press ? or * to list all spells.
A guardian golem appears, shielding your allies.
Casting: Summon Guardian Golem (safe; 1% risk of failure)
Confirm with . or Enter, or press ? or * to list all spells.
Casting: Summon Small Mammal (safe; 1% risk of failure)
Confirm with . or Enter, or press ? or * to list all spells.
You swap places.
You swap places.
There is a stone staircase leading down here.
Casting: Summon Small Mammal (safe; 1% risk of failure)
Confirm with . or Enter, or press ? or * to list all spells.
The spell is quite dangerous to miscast (6% risk of failure)!
Continue anyway?
An electric hum fills the air.
Your hound disappears in a puff of smoke!
Casting: Summon Lightning Spire (quite dangerous; 6% risk of failure)
Confirm with . or Enter, or press ? or * to list all spells.
The steam dragon breathes steam at you. The ball of steam hits you!!
Ouch! That really hurt!
The troll bites your wolf! The troll claws your wolf!
The troll claws your wolf.
Your wolf bites the troll but does no damage.
Your wolf bites the troll but does no damage.
There is a stone staircase leading up here.
Your wolf bites the troll but does no damage.
The steam dragon breathes steam at you. The ball of steam hits you!!
Ouch! That really hurt!
You die...
Your body rises from the dead as a mindless zombie.

.................##.....##...##..
.#................###'###.....###
###..#.....####.....§..O.........
.....#......# #....§§.....##...r.
...........## #..##.D.....##..##.
..........## #..#.§......##...##
#..##.....#####...§§.....####....
#####......#.....§r.......#......
##....#.......@5r..............
#....####.......89T.h.....#....
#...######.........#......#....
###......#..[.>....#...........
#(........#......#...........
######...#...##..................
#....Z..................###......
#......###.###..........##.......
#......#.#...#...........#..###..


You could see a two-headed ogre, a troll (ally target), a friendly guardian
golem (summoned), a friendly wolf (summoned, sheltered), a friendly lightning
spire (summoned, sheltered), a friendly shadow imp (summoned, sheltered), a
friendly quokka (summoned, sheltered) and a friendly rat (summoned, sheltered).

Vanquished Creatures
  A vampire mosquito (D:8)
  A black bear (D:6)
  A lemure (D:5)
  A kobold brigand (D:6)
  2 bullfrogs
  A wight (D:7)
  A howler monkey (D:7)
  A centaur zombie (D:7)
  A hound (D:4)
  An iguana (D:6)
  An orc wizard (D:6)
  A killer bee zombie (D:7)
  An adder (D:2)
  A gnoll (D:7)
  A shadow imp (D:8)
  A white imp (D:8)
  A worm (D:2)
  2 orcs
  2 endoplasms
  A giant cockroach (D:1)
  A goblin (D:1)
  2 hobgoblins
  A quokka (D:3)
  A ball python (D:3)
  2 bats (D:3)
  A frilled lizard (D:1)
  A kobold (D:4)
  3 rats
35 creatures vanquished.

Vanquished Creatures (collateral kills)
  Pikel (D:5)
  Prince Ribbit (D:6)
  2 wyverns
  A steam dragon (D:7)
  3 vampire mosquitoes (D:8)
  An acid dragon (D:8)
  An orc warrior (D:10)
  2 sky beasts
  An ice beast (D:8)
  A hornet zombie (D:7)
  2 black bears
  3 necrophages
  5 ogres
  2 centaurs
  2 phantoms
  3 lemures
  2 kobold brigands
  2 bullfrogs
  A gnoll sergeant (D:8)
  6 killer bees (D:7)
  2 wights (D:7)
  4 howler monkeys
  2 hounds
  3 orc priests
  2 centaur skeletons
  Jessica (D:2)
  A gnoll shaman (D:8)
  2 iguanas
  An orc wizard (D:7)
  A killer bee zombie (D:8)
  A hound skeleton (D:4)
  8 mummies (Ossuary)
  4 adders
  16 gnolls
  3 worms
  A dart slug (D:2)
  14 orcs
  7 endoplasms
  A gnoll zombie (Ossuary)
  4 goblins
  2 hobgoblins
  3 quokkas
  3 ball pythons
  2 bats (D:3)
  2 frilled lizards
  A hobgoblin zombie (Ossuary)
  17 kobolds
  2 kobold zombies (Ossuary)
  4 orc zombies (Ossuary)
  2 rats
158 creatures vanquished.

Vanquished Creatures (others)
  A hornet (D:8)
  A yak (D:10)
  2 basilisks (D:10)
  A vampire mosquito (D:8)
  Edmund (D:6)
  A hornet zombie (D:8)
  A phantom (D:5)
  A vampire mosquito zombie (D:8)
  A scorpion (D:6)
  A wyvern zombie (D:10)
  A spectral ice beast (D:8)
  2 killer bees (D:7)
  A wight (D:7)
  2 howler monkeys (D:10)
  2 bullfrog zombies (D:8)
  2 centaur zombies
  2 basilisk zombies (D:10)
  A sky beast zombie (D:8)
  A howler monkey zombie (D:10)
  A spectral shadow imp (D:8)
  A spectral white imp (D:8)
  3 orcs
  5 gnoll zombies (D:8)
  A kobold (D:7)
  2 orc zombies (D:10)
  A fungus (D:5)
39 creatures vanquished.

Grand Total: 232 creatures vanquished

Notes
Turn   | Place    | Note
-------+----------+-------------------------------------------
     0 | D:1      | jlumianski the Felid Summoner began the quest for the Orb.
     0 | D:1      | Reached XP level 1. HP: 7/7 MP: 4/4
    56 | D:1      | Found a faded altar of an unknown god.
    91 | D:1      | Reached XP level 2. HP: 11/11 MP: 0/6
   110 | D:1      | Learned a level 2 spell: Call Imp
  1532 | D:2      | Reached XP level 3. HP: 14/14 MP: 3/7
  1777 | D:2      | Learned a level 3 spell: Call Canine Familiar
  2156 | D:2      | Reached skill level 5 in Summonings
  2547 | D:3      | Reached XP level 4. HP: 18/18 MP: 5/9
  2585 | D:3      | Found Vyepuug's Antique Weapon Shoppe.
  2588 | D:3      | Noticed Jessica
  2727 | D:2      | Killed Jessica
  3786 | D:4      | Noticed an ogre
  3791 | D:4      | Reached XP level 5. HP: 21/21 MP: 2/10
  3893 | D:3      | Killed an ogre
  3894 | D:3      | Reached skill level 6 in Summonings
  4159 | D:4      | Found Zinittoc's Book Emporium.
  4201 | D:3      | Gained mutation: You are covered in thick fur. (AC +2)
                  | [Felid growth]
  4201 | D:3      | Reached XP level 6. HP: 24/24 MP: 6/12
  4367 | D:4      | Found a sacrificial altar of Ru.
  4528 | D:4      | Found a sparkling altar of Nemelex Xobeh.
  4539 | D:4      | Found a large runed translucent door.
  4758 | D:4      | Found a bloodstained altar of Trog.
  4831 | D:4      | Found a large runed translucent door.
  4833 | D:4      | Noticed snaxamus's ghost (amateur DsGl)
  4856 | D:4      | Found a shimmering altar of Xom.
  5092 | D:5      | Entered Level 5 of the Dungeon
  5173 | D:5      | Reached XP level 7. HP: 22/27 MP: 11/14
  5217 | D:5      | Learned a level 3 spell: Summon Guardian Golem
  5273 | D:4      | Reached skill level 7 in Summonings
  5335 | D:5      | Reached skill level 1 in Unarmed Combat
  5335 | D:5      | Reached skill level 5 in Spellcasting
  5346 | D:5      | Noticed Pikel
  5757 | D:5      | Killed Pikel
  5758 | D:5      | Reached XP level 8. HP: 31/31 MP: 0/18
  5910 | D:5      | Found a blossoming altar of Fedhas.
  5958 | D:5      | Reached skill level 8 in Summonings
  6246 | D:6      | Reached skill level 1 in Hexes
  6431 | D:6      | Found a sand-covered staircase.
  6437 | Ossuary  | Entered an ossuary
  6930 | D:5      | Identified a scroll of acquirement
  6930 | D:5      | Acquired Ucunno Nacru's Papyrus of Dark Orientation
  7018 | D:6      | Found a stormy altar of Qazlal.
  7112 | D:6      | Noticed Prince Ribbit
  7301 | D:6      | Noticed Edmund
  7448 | D:6      | Killed Edmund
  7449 | D:6      | Reached skill level 9 in Summonings
  7632 | D:6      | Reached XP level 9. HP: 34/34 MP: 12/21
  8091 | D:6      | Killed Prince Ribbit
  8102 | D:6      | Learned a level 4 spell: Summon Lightning Spire
  8317 | D:7      | Reached skill level 1 in Fighting
  8535 | D:7      | Reached skill level 1 in Air Magic
  8775 | D:6      | Reached skill level 10 in Summonings
  9260 | D:7      | Learned a level 2 spell: Ensorcelled Hibernation
  9266 | D:7      | Found a staircase to the Ecumenical Temple.
  9275 | Temple   | Entered the Ecumenical Temple
  9423 | Temple   | Became a worshipper of Yredelemnul the Dark
  9674 | D:7      | Reached XP level 10. HP: 36/40 MP: 0/23
  9677 | D:7      | Reached skill level 5 in Dodging
  9862 | D:8      | You fall into a shaft and drop 2 floors!
  9862 | D:10     | Entered Level 10 of the Dungeon
  9924 | D:10     | Found a staircase to the Lair.
  9945 | D:10     | Reached * piety under Yredelemnul
  9945 | D:10     | Reached ** piety under Yredelemnul
 10268 | D:8      | Reached skill level 11 in Summonings
 10614 | D:8      | Engulfed by a steam dragon's steam
 10615 | D:8      | Reached XP level 9. HP: 1/36 MP: 23/23
 10627 | D:8      | Found a glowing silver altar of Zin.
 10628 | D:8      | Found a basalt altar of Yredelemnul.
 10628 | D:8      | Found a burning altar of Makhleb.
 10628 | D:8      | Found an opulent altar of Gozag.
 10839 | D:8      | Learned a level 3 spell: Tukima's Dance
 10842 | D:8      | Noticed an efreet
 10842 | D:8      | Noticed a white ugly thing
 10843 | D:8      | Noticed a centaur warrior
 10843 | D:8      | Noticed a two-headed ogre
 10843 | D:8      | Noticed a troll
 10860 | D:8      | Shot with an arrow by a centaur warrior
 10861 | D:8      | Reached XP level 8. HP: -8/33 MP: 12/22
 10989 | D:8      | Killed from afar by a steam dragon

Illustrated notes

Levels and vault maps discovered:
D:1:      minmay_arrival_up_and_down, layout_basic,
          ebering_ecumenical_altar_abandoned, kennysheep_boxes
D:2:      layout_loops_ring
D:3:      layout_loops_ring, serial_shops, shop, uniq_jessica
D:4:      layout_rooms, trog_butcher_becter,
          mainiacjoe_overflow_large_starburst, nicolae_overflow_crystal_walls,
          ebering_ghost_disaster_area, nicolae_stop_n_shop_2
D:5:      layout_cave_pools, fedhas_altar_3, uniq_pikel
D:6:      layout_gridville, mainiacjoe_overflow_24_doors,
          nicolae_ossuary_entry_plus, uniq_edmund, uniq_prince_ribbit1
D:7:      layout_basic, temple_statues
D:8:      minmay_the_grid_octo_2x2 [minmay_the_grid_octo_odd_swirl,
          minmay_the_grid_octo_checkerflower, minmay_the_grid_octo_shrine,
          minmay_the_grid_octo_prize_big_c], layout_cave_pools, kennysheep_nub
D:9:      layout_roguey, nicolae_hepliaklqana_monster_ancestors,
          serial_bayou_pond_d, hangedman_decor_growths
D:10:     layout_gridville, david_lair_generic, minmay_misc_feat_columns,
          minmay_stone_trees_small, serial_bayou_pond_c, uniq_fannar
Temple:   regret_index_temple_generic_petals

Skill      XL: |  1  2  3  4  5  6  7  8  9 10 |
---------------+-------------------------------+-----
Summonings     | 5 6 7 9 10 11 | 11.1
Spellcasting   | 3 4 6 7 8 9 |  9.6
Stealth        | 3 4 |  4.4
Dodging        | 3 6 5 |  6.0
Unarmed Combat | 1 2 3 |  3.2
Hexes          | 1 4 3 |  4.2
Fighting       | 1 2 |  2.0
Air Magic      | 1 |  1.9

Action                   |  1- 3 |  4- 6 |  7- 9 | 10-12 || total
-------------------------+-------+-------+-------+-------++-------
Melee: Unarmed           |    27 |    47 |   142 |    40 ||   256
       Bite              |     4 |     5 |    24 |     8 ||    41
       Punch             |       |     1 |     4 |     1 ||     6
 Cast: Summon Small Mamm |    46 |    47 |    90 |     5 ||   188
       Call Imp          |    23 |    25 |    37 |     3 ||    88
       Call Canine Famil |       |    16 |    39 |    12 ||    67
       Summon Guardian G |       |       |    38 |    11 ||    49
       Summon Lightning  |       |       |     8 |     8 ||    16
       Ensorcelled Hiber |       |       |       |     1 ||     1
Invok: Recall Undead Har |       |       |     1 |     1 ||     2
Evoke: Wand              |       |       |       |     1 ||     1
  Use: Scroll            |     5 |     1 |     9 |     1 ||    16
       Potion            |       |       |     3 |     3 ||     6
 Stab: Sleeping          |     2 |     3 |     2 |     2 ||     9
       Distracted        |     2 |       |     6 |       ||     8
Armor: Skin              |     1 |     4 |     9 |     4 ||    18
Dodge: Dodged            |    18 |    59 |   180 |    54 ||   311
